 Dungeon Crawl Stone Soup version 0.25.0-15-gac7dcb8919 (webtiles) character file.

Game seed: 10005964358097131223

571 DildoBatman the Conjurer (level 7, -7/46 HPs)
             Began as a Formicid Wizard on June 28, 2020.
             Killed by nerve-wracking pain
             ... invoked by an orc priest
              (13 damage)
             ... on level 4 of the Dungeon.
             The game lasted 00:13:08 (5420 turns).

DildoBatman the Conjurer (Formicid Wizard)          Turns: 5420, Time: 00:13:08

Health: -7/46      AC:  4    Str: 12    XL:     7   Next: 60%
Magic:  11/11      EV: 12    Int: 19    God:
Gold:   212        SH:  4    Dex:  9    Spells: 5/12 levels left

rFire    x . .     SeeInvis +   b - +2 war axe (venom)
rCold    + . .     Gourm    .   m - +0 buckler
rNeg     . . .     Faith    .   n - +0 robe
rPois    .         Spirit   .   (helmet unavailable)
rElec    .         Reflect  .   H - +0 cloak
rCorr    .         Harm     .   (no gloves)
MR       +....                  D - +0 pair of boots (curse)
Stlth    ++........             r - amulet of regeneration
HPRegen  0.55/turn              C - ring of protection from magic
MPRegen  0.12/turn              K - ring of ice (curse)

@: no status effects
A: permanent stasis, dig shafts and tunnels, four strong arms, antennae 3
a: Dig, Shaft Self


You were on level 4 of the Dungeon.
You were not hungry.

You visited 1 branch of the dungeon, and saw 5 of its levels.

You collected 212 gold pieces.

Inventory:

Hand Weapons
 a - a +0 hunting sling
 b - a +2 war axe of venom (weapon)
 d - a +0 quarterstaff
 e - a +0 halberd
Missiles
 c - 211 stones (quivered)
 h - 66 arrows
 j - 41 poisoned darts
 p - 13 sling bullets
 B - 5 boomerangs
 G - 5 javelins
Armour
 m - a +0 buckler (worn)
 n - a +0 robe (worn)
 u - a scarf of resistance
 D - a cursed +0 pair of boots (worn)
 H - a +0 cloak (worn)
Jewellery
 r - an amulet of regeneration (around neck)
 C - a ring of protection from magic (left hand)
 K - a cursed ring of ice (right hand)
Wands
 k - a wand of enslavement (9)
Scrolls
 f - a scroll of immolation
 o - a scroll of magic mapping {unknown}
 t - a scroll of random uselessness {unknown}
 w - 2 scrolls of enchant weapon
 y - 2 scrolls of fog
 I - a scroll of amnesia
Potions
 g - 2 potions of berserk rage {unknown}
 i - a potion of heal wounds {unknown}
 l - 2 potions of stabbing {unknown}
 x - 2 potions of lignification {unknown}
 z - a potion of degeneration {unknown}
 A - a potion of magic {unknown}
 E - 2 potions of flight {unknown}
 F - a potion of brilliance {unknown}
Comestibles
 v - 8 rations
 J - 5 chunks of flesh


   Skills:
 - Level 1.7 Dodging
 - Level 2.4 Stealth
 - Level 3.0 Shields
 - Level 3.2 Spellcasting
 * Level 5.2 Conjurations
   Level 1.0 Summonings
   Level 0.8 Translocations
 * Level 2.5 Fire Magic
 * Level 2.1 Air Magic


You had 5 spell levels left.
You knew the following spells:

 Your Spells              Type           Power        Failure   Level  Hunger
a - Conjure Flame         Conj/Fire      ###.....     9%          3    ###....
c - Magic Dart            Conj           ###.         1%          1    None
e - Mephitic Cloud        Conj/Pois/Air  ##......     16%         3    ###....

Your spell library contained the following spells:

 Spells                   Type           Power        Failure   Level  Hunger
 Searing Ray              Conj           ###...       2%          2    ##.....
 Call Imp                 Summ           #.......     16%         2    ##.....
 Dazzling Flash           Conj/Hex       ##....       16%         3    ###....
 Slow                     Hex            #.......     22%         2    ##.....
 Iskenderun's Mystic Bla  Conj/Tloc      ##......     38%         4    ####...
 Fulminant Prism          Conj/Hex       ##........   45%         4    ####...
 Blink                    Tloc           Unusable     N/A         2    N/A

Dungeon Overview and Level Annotations

Branches:
Dungeon (5/15)
 Temple: D:4-7

Altars:
Makhleb
Xom

Annotations:
D:4 exclusion: phantom
D:5 Ijyb


Innate Abilities, Weirdness & Mutations

You cannot be hasted, slowed, berserked, paralysed or teleported.
You can dig through walls and to a lower floor.
Your four strong arms can wield two-handed weapons with a shield.
You have a pair of large antennae on your head. (SInv)


Message History

The orc priest is heavily wounded.
The orc priest hits you.
You barely miss the orc priest.
The orc priest is severely wounded.
The orc priest calls down the wrath of Beogh upon you.
Beogh smites you! The orc priest barely misses you.
You barely miss the orc priest.
The orc priest is almost dead.
The orc priest hits you.
You barely miss the orc priest.
The orc priest is almost dead.
The orc priest closely misses you. You block the orc priest's attack.
You barely miss the orc priest.
The orc priest is almost dead.
The orc priest looks more healthy.
The orc priest invokes the aid of Beogh against you.
Pain shoots through your body!
You die...

#.## #.# ##.###
#...... #..#######.#
##..####.....
#..........#
#...##......
#..........##
##..........
##...........##
#..........
##.............#
#..........
###..#####.......#
##......... ....##
####..[.# ##........
....# ###.@# #....#...
...## #.o# #.......#
....###########..#
##......##
..<..............#
#.......#
......#####......##
###......## #######
###.....####...##...##
#.........######...##
##.######### ##....
##.## ##..#


You could see an orc priest.

Vanquished Creatures
  An ogre (D:4)
  A wyvern zombie (D:4)
  A howler monkey (D:4)
  An orc priest (D:4)
  A hound (D:4)
  5 worker ants (D:4)
  An orc wizard (D:3)
  5 gnolls
  4 adders
  An adder skeleton (D:4)
  2 worms (D:2)
  3 leopard geckos
  9 orcs
  3 ball pythons
  5 bats
  4 giant cockroaches
  5 hobgoblins
  A jackal (D:2)
  13 kobolds
  2 quokkas
  8 frilled lizards
  12 goblins
  A jackal skeleton (D:4)
  A rat (D:2)
90 creatures vanquished.

Notes
Turn   | Place    | Note
-------+----------+-------------------------------------------
     0 | D:1      | DildoBatman the Formicid Wizard began the quest for the
                  | Orb.
     0 | D:1      | Reached XP level 1. HP: 13/13 MP: 4/4
   148 | D:1      | Reached skill level 1 in Conjurations
   345 | D:1      | Reached XP level 2. HP: 15/19 MP: 1/6
   481 | D:1      | Reached skill level 2 in Conjurations
   707 | D:1      | Reached XP level 3. HP: 9/24 MP: 0/7
   749 | D:1      | Learned a level 3 spell: Conjure Flame
   753 | D:1      | Learned a level 3 spell: Mephitic Cloud
  1715 | D:2      | Reached skill level 3 in Conjurations
  1988 | D:2      | Reached XP level 4. HP: 30/30 MP: 0/8
  2133 | D:1      | Reached skill level 1 in Shields
  2369 | D:2      | Found a burning altar of Makhleb.
  3086 | D:3      | Reached XP level 5. HP: 33/35 MP: 2/9
  4024 | D:4      | Reached skill level 4 in Conjurations
  4064 | D:4      | Found a shimmering altar of Xom.
  4076 | D:4      | Reached XP level 6. HP: 27/41 MP: 10/10
  4241 | D:4      | Reached skill level 1 in Fire Magic
  4495 | D:4      | Noticed a phantom
  4646 | D:4      | Reached skill level 1 in Air Magic
  4761 | D:4      | Reached XP level 7. HP: 8/46 MP: 8/11
  4770 | D:4      | Reached skill level 5 in Conjurations
  5405 | D:5      | Entered Level 5 of the Dungeon
  5405 | D:5      | Noticed Ijyb
  5420 | D:4      | Killed from afar by an orc priest

Illustrated notes

Levels and vault maps discovered:
D:1:      dpeg_arrival_concentric_ovals, layout_basic, chequers_decorated_corner
D:2:      minmay_recursive_quarters, layout_loops_ring, bloody_makhleb
D:3:      layout_basic, first_ration, bh_walls_and_bars
D:4:      layout_layer_cave, overflow_temple_1_default
D:5:      layout_layer_cave, nicolae_overflow_crystal_walls,
          nicolae_gozag_cash_rules_everything_around_me,
          nicolae_dithmenos_shadow_blocks, uniq_ijyb, uniq_duvessa

Skill      XL: |  1  2  3  4  5  6  7 |
---------------+----------------------+-----
Conjurations   | 1 2 3 4 5 |  5.2
Shields        | 2 3 |  3.0
Fire Magic     | 1 2 |  2.5
Air Magic      | 1 2 |  2.1
Dodging        | |  1.7
Stealth        | |  2.4
Spellcasting   | |  3.2
Summonings     | |  1.0
Translocations | |  0.8

Action                   |  1- 3 |  4- 6 |  7- 9 || total
-------------------------+-------+-------+-------++-------
Melee: Unarmed           |     1 |       |       ||     1
       Club              |    26 |       |       ||    26
       Short sword       |       |     8 |       ||     8
       Dagger            |       |     7 |       ||     7
       War axe           |       |    44 |    38 ||    82
 Fire: Hunting sling     |       |    43 |     1 ||    44
 Cast: Magic Dart        |   102 |    70 |     3 ||   175
       Mephitic Cloud    |       |     2 |     1 ||     3
       Conjure Flame     |       |       |     1 ||     1
 Abil: Dig               |       |     3 |     2 ||     5
  Use: Scroll            |     1 |       |     5 ||     6
 Stab: Confused          |       |     1 |       ||     1
       Sleeping          |       |     1 |       ||     1
  Eat: Chunk             |     3 |     9 |     3 ||    15
Armor: Robe              |     5 |     6 |     8 ||    19
Dodge: Dodged            |    36 |    76 |    29 ||   141
Block: Buckler           |       |    12 |    12 ||    24
